Kradschützen Motorcycle Team
Selects Battlefield Espionage Battlegroup
Kradschützen Motorcycle Team
Construct Light Support Kompanie
Panzerjäger Mechanized Group
Construct Mechanized Kompanie
Selects Sector Subterfuge Beacon
Selects 250/3 Funkpanzerwagen
Selects Anti-Tank Incendiary Munitions
Marder III Tank Destroyer
254 Reconnaissance Tractor
Selects Operation Skorpion
Construct Panzerarmee Kommand
254 Reconnaissance Tractor